 Dungeon Crawl Stone Soup version 0.27-a0-1154-gfdeffcb720 (webtiles) character file.

Game seed: 401541661811099013

332 robertstho the Skirmisher (level 6, 0/55 HPs)
             Began as a Draconian Berserker on May 14, 2021.
             Was a Believer of Trog.
             Slain by a quokka (4 damage)
             ... on level 3 of the Dungeon.
             The game lasted 00:03:04 (2958 turns).

robertstho the Skirmisher (Draconian Berserker)     Turns: 2958, Time: 00:03:05

Health: 0/55       AC:  6    Str: 21    XL:     6   Next: 26%
Magic:  6/6        EV: 12    Int:  8    God:    Trog [**....]
Gold:   88         SH:  0    Dex: 10    Spells: 5/5 levels left

rFire    . . .     SeeInvis .   a - +0 falchion
rCold    . . .     Faith    .   (no shield)
rNeg     . . .     Spirit   .   (armour unavailable)
rPois    .         Reflect  .   (helmet restricted)
rElec    .         Harm     .   (no cloak)
rCorr    .         Rampage  .   (no gloves)
Will     .....                  (no boots)
Stlth    ++........             (no amulet)
HPRegen  0.18/turn              (no ring)
MPRegen  0.10/turn              (no ring)

@: on berserk cooldown, slowed, very slow
A: AC +6, unfitting armour, cold-blooded
a: Renounce Religion, Berserk, Trog's Hand


You were on level 3 of the Dungeon.
You worshipped Trog.
Trog was pleased with you.
You visited 1 branch of the dungeon, and saw 3 of its levels.

You collected 88 gold pieces.

Inventory:

Hand Weapons
 a - a +0 falchion (weapon)
Missiles
 j - 8 curare-tipped darts
Wands
 h - a wand of flame (10)
 m - a wand of mindburst (13)
Scrolls
 b - 3 scrolls of fear
 c - a scroll of enchant armour {unknown}
 d - 4 scrolls of teleportation {unknown}
 e - a scroll of magic mapping
 g - a scroll of amnesia {unknown}
 k - 2 scrolls of summoning {unknown}
Potions
 f - a potion of lignification
 i - a potion of berserk rage {unknown}
 l - 2 potions of might {unknown}
 n - a potion of heal wounds {unknown}


   Skills:
 * Level 4.9 Fighting
 + Level 4.5 Long Blades
 * Level 4.0 Dodging
 * Level 2.4 Stealth


You had 5 spell levels left.
You didn't know any spells.
Your spell library was empty.

Dungeon Overview and Level Annotations

Branches:
Dungeon (3/15)

Altars:


Innate Abilities, Weirdness & Mutations

Your plain brown scales are hard. (AC +6)
You cannot fit into any form of body armour.
You are cold-blooded and may be slowed by cold attacks.


Message History

Ijyb hits you but does no damage.
You hit Ijyb.
Your tail-slap misses Ijyb.
Ijyb is almost dead.
Ijyb screams, "You nasty!
Big nasty!"
Ijyb hits you with a +0 club.
* * * LOW HITPOINT WARNING * * *
You slash Ijyb!
You feel the power of Trog in you as your rage grows.
You kill Ijyb!
Trog accepts your kill.
A quokka comes into view.
There is an open door, spattered with blood here.
Things that are here:
a +0 club; a +0 ring mail; a wand of paralysis (13)
You feel a strong urge to attack something.
You are no longer berserk.
You are exhausted.
You feel yourself slow down.
The quokka bites you but does no damage.
There is an open door, spattered with blood here.
Things that are here:
a +0 club; a +0 ring mail; a wand of paralysis (13)
You closely miss the quokka.
You tail-slap the quokka, but do no damage.
The quokka barely misses you.
You riposte.
You hit the quokka.
The quokka is lightly wounded.
You barely miss the quokka.
The quokka is lightly wounded.
The quokka barely misses you.
The quokka bites you but does no damage.
You closely miss the quokka.
Your tail-slap misses the quokka.
The quokka is lightly wounded.
The quokka bites you but does no damage.
The quokka barely misses you.
You closely miss the quokka. You tail-slap the quokka.
The quokka is almost dead.
The quokka bites you.
* * * LOW HITPOINT WARNING * * *
The quokka bites you.
You die...

...# .### .###
...# # # ...# ##.
.## ...# ##...
...# ...#
#.....#####.....
...#
#......r.†......
...#
#.....##@##.....
...# ##..[ #.# ..#
...#############)#
#
....#........##..#
###.########....##
#.##.......####
#.##.#######
#.##.# #.##.#


You could see a quokka.

Vanquished Creatures
  A steam dragon (D:3)
  Ijyb (D:3)
  Jessica (D:2)
  An iguana (D:2)
  Terence (D:2)
  6 adders
  2 worms
  7 ball pythons
  4 bats
  3 endoplasms
  3 giant cockroaches
  7 goblins
  5 hobgoblins
  2 quokkas
  4 frilled lizards
  4 kobolds
  4 rats
56 creatures vanquished.

Notes
Turn   | Place    | Note
-------+----------+-------------------------------------------
     0 | D:1      | robertstho the Draconian Berserker began the quest for the
                  | Orb.
     0 | D:1      | Reached XP level 1. HP: 19/19 MP: 1/1
   362 | D:1      | Reached XP level 2. HP: 26/26 MP: 2/2
   991 | D:2      | Reached XP level 3. HP: 17/33 MP: 3/3
  1341 | D:2      | Noticed Terence
  1347 | D:2      | Killed Terence
  1348 | D:2      | Reached skill level 1 in Stealth
  1451 | D:2      | Reached ** piety under Trog
  1454 | D:2      | Reached XP level 4. HP: 40/40 MP: 4/4
  1849 | D:2      | Noticed Jessica
  1861 | D:2      | Killed Jessica
  1862 | D:2      | Reached XP level 5. HP: 15/47 MP: 5/5
  2219 | D:2      | Found a faded altar of an unknown god.
  2929 | D:3      | Noticed a steam dragon
  2930 | D:3      | Noticed Ijyb
  2947 | D:3      | Killed a steam dragon
  2948 | D:3      | Reached XP level 6. HP: 10/55 MP: 6/6
  2951 | D:3      | Killed Ijyb
  2958 | D:3      | Slain by a quokka

Illustrated notes

Levels and vault maps discovered:
D:1:      amcnicky_arrival_blooded_trapdoor, layout_loops_ring
D:2:      layout_basic, ebering_ecumenical_altar_sacrificial,
          minmay_box_of_dots, uniq_jessica, uniq_terence
D:3:      minmay_octagon_keep, layout_basic, uniq_ijyb

Skill      XL: |  1  2  3  4  5 |
---------------+----------------+-----
Dodging        | 3 4 |  4.0
Fighting       | 4 |  4.9
Stealth        | 1 2 |  2.4
Long Blades    | 4 |  4.5

Action                   |  1- 3 |  4- 6 || total
-------------------------+-------+-------++-------
Melee: Falchion          |    64 |    90 ||   154
       Tailslap          |     5 |     9 ||    14
Invok: Berserk           |     3 |     3 ||     6
       Trog's Hand       |       |     1 ||     1
  Use: Scroll            |       |     4 ||     4
 Stab: Sleeping          |     2 |     3 ||     5
Armor: Skin              |    19 |    33 ||    52
Dodge: Dodged            |    37 |    47 ||    84
       Rpst.: Falchion   |    16 |    16 ||    32

Table legend: (Time is in decaauts)
 A = Elapsed time spent in this place.
 B = Non-inter-level travel time spent in this place.
 C = Inter-level travel time spent in this place.
 D = Time resting spent in this place.
 E = Time spent auto-exploring this place.
 F = Levels seen in this place.
 G = Mean time per level.
                   A        B        C        D        E       F      G
               +--------+--------+--------+--------+--------+-----+--------+
         Total |   3018 |   2959 |     59 |    236 |   2284 |   3 | 1006.0 |
       Dungeon |   3018 |   2959 |     59 |    236 |   2284 |   3 | 1006.0 |
               +--------+--------+--------+--------+--------+-----+--------+

Top non-repeatable levels by time:
     D:2: 1496 daAuts
     D:1: 1147 daAuts
     D:3: 374 daAuts
